 Seeded DCSS version 0.28-a0-657-g71136c5590 (webtiles) character file.

Game seed: 12345678 (custom seed)

5 ekar the Skirmisher (level 1, 0/20 HPs)
             Began as a Minotaur Berserker on Oct 14, 2021.
             Was a Follower of Trog.
             Slain by a giant cockroach (1 damage)
             ... on level 1 of the Dungeon.
             The game lasted 00:00:29 (159 turns).

ekar the Skirmisher (Minotaur Berserker)             Turns: 159, Time: 00:00:30

Health: 0/20       AC:  2    Str: 21    XL:     1   Next: 66%
Magic:  0/0        EV: 12    Int:  4    God:    Trog [*.....]
Gold:   13         SH:  0    Dex:  9    Spells: 0/0 levels left

rFire   . . .      SeeInvis .   a - +0 hand axe
rCold   . . .      Faith    .   (no shield)
rNeg    . . .      Spirit   .   b - +0 animal skin
rPois   .          Reflect  .   (helmet restricted)
rElec   .          Harm     .   (no cloak)
rCorr   .          Rampage  .   (no gloves)
Will    .....                   (no boots)
Stlth   +.........              (no amulet)
HPRegen 0.06/turn               (no ring)
MPRegen 0.07/turn               (no ring)

@: no status effects
A: horns 2, retaliatory headbutt
a: Renounce Religion, Berserk


You were on level 1 of the Dungeon.
You worshipped Trog.
Trog was aware of your devotion.
You visited 1 branch of the dungeon, and saw 1 of its levels.

You collected 13 gold pieces.

Inventory:

Hand Weapons
 a - a +0 hand axe (weapon)
 e - a +0 whip
Armour
 b - a +0 animal skin (worn)
Scrolls
 d - a scroll of amnesia {unknown}
Potions
 c - a potion of cancellation {unknown}


   Skills:
 + Level 4.0 Fighting
 + Level 3.7 Axes
 + Level 2.4 Armour
 + Level 2.1 Dodging


You couldn't memorise any spells.
You didn't know any spells.
Your spell library was empty.

Dungeon Overview and Level Annotations

Branches:
Dungeon (1/15)

Altars:


Innate Abilities, Weirdness & Mutations

You have a pair of horns on your head.
You reflexively headbutt those who attack you in melee.


Message History

The jackal pauses to sniff the ground.
The jackal barely misses you. You furiously retaliate!
You headbutt the jackal.
You kill the jackal!
Trog accepts your kill. The kobold barely misses you. You furiously retaliate!
You headbutt the kobold.
You kill the kobold!
Trog accepts your kill.
The jackal bites you but does no damage.
The jackal misses you. The jackal bites you. The jackal misses you.
The jackal bites you but does no damage.
The jackal closely misses you. You furiously retaliate!
You headbutt the jackal!
You kill the jackal!
Trog accepts your kill. The jackal bites you. The jackal closely misses you.
You furiously retaliate!
You headbutt the jackal!
You kill the jackal!
Trog accepts your kill.
Your Fighting skill increases to level 4!
The giant cockroach misses you.
The giant cockroach bites you but does no damage.
The jackal bites you. The jackal barely misses you. The jackal misses you.
The jackal bites you. The jackal closely misses you.
You see here a +0 whip.
e - a +0 whip The giant cockroach barely misses you.
The jackal bites you. The giant cockroach bites you.
The giant cockroach bites you but does no damage.
The jackal bites you.
* * * LOW HITPOINT WARNING * * *
The jackal bites you.
* * * LOW HITPOINT WARNING * * *
The giant cockroach barely misses you. The jackal bites you.
* * * LOW HITPOINT WARNING * * *
The giant cockroach bites you.
You die...

#.h.## ##B## # #.#
### #######)######
#..
#............###.#
#.♣♣♣♣♣♣♣♣♣......#
#.♣PP..PP..♣†.####
#.♣PP..P...♣..#
#@♣..PP...P♣.##
#B♣..P.<.PP♣.#####
##h♣PP......♣......
#..♣P....P..♣..####
#..♣...P..PP♣.....#
#..♣..PP..PP♣......
#...♣♣♣♣♣♣♣♣♣......
#..................
#.#.#..............


You could see a jackal and a giant cockroach.

Vanquished Creatures
  3 jackals (D:1)
  A kobold (D:1)
4 creatures vanquished.

Vanquished Creatures (others)
  2 fungi (D:1)
2 creatures vanquished.

Grand Total: 6 creatures vanquished

Notes
Turn   | Place    | Note
-------+----------+-------------------------------------------
     0 | D:1      | ekar the Minotaur Berserker began the quest for the Orb.
     0 | D:1      | Reached XP level 1. HP: 19/19 MP: 0/0
   137 | D:1      | Reached skill level 4 in Fighting
   156 | D:1      | HP: 1/20 [jackal (2)]
   159 | D:1      | Slain by a giant cockroach

Illustrated notes

Levels and vault maps discovered:
D:1:      scummos_arrival_checkerplants, layout_loops_corners,
          shapermc_ecumenical_altar_ellora, hangedman_decor_peaks_small

Skill      XL: |  1 |
---------------+----+-----
Fighting       | 4 |  4.0
Axes           | |  3.7
Armour         | |  2.4
Dodging        | |  2.1

Action                   || total
-------------------------++-------
Melee: Hand axe          ||     1
Armor: Animal skin       ||     4
Dodge: Dodged            ||    17

Table legend: (Time is in decaauts)
 A = Elapsed time spent in this place.
 B = Non-inter-level travel time spent in this place.
 C = Inter-level travel time spent in this place.
 D = Time resting spent in this place.
 E = Time spent auto-exploring this place.
 F = Levels seen in this place.
 G = Mean time per level.
                   A        B        C        D        E       F      G
               +--------+--------+--------+--------+--------+-----+--------+
         Total |    159 |    159 |      0 |      0 |     93 |   1 |  159.0 |
       Dungeon |    159 |    159 |      0 |      0 |     93 |   1 |  159.0 |
               +--------+--------+--------+--------+--------+-----+--------+

Top non-repeatable levels by time:
     D:1: 159 daAuts
